 Dungeon Crawl Stone Soup version 0.27.1-35-g4d5d836560 (webtiles) character file.

Game seed: 12096596107725773325

810416 Delamore the Hoplite (level 27, -2/201 HPs)
             Began as an Octopode Brigand on May 7, 2022.
             Was an Initiate of Gozag.
             Killed from afar by an iron dragon (62 damage)
             ... with a spray of metal splinters
             ... on level 7 of the Iron City of Dis on May 8, 2022.
             The game lasted 05:06:35 (93895 turns).

Delamore the Hoplite (Octopode Brigand)            Turns: 93895, Time: 05:06:36

Health: -2/201     AC:  9    Str:  9 (10) XL:     27
Magic:  41/41      EV: 46    Int: 28      God:    Gozag
Gold:   2013       SH: 37    Dex: 43      Spells: 7/54 levels left

rFire    + + +     SeeInvis +   u - +11 rapier of Karma {freeze, rN+}
rCold    + + +     Faith    .   L - +8 tower shield
rNeg     + + +     Spirit   .   R - +0 hat of the Lich-sworn {Fly rPois rC++ rCorr}
rPois    +         Reflect  .   d - amulet of Dishonour {rElec rF- Regen+ Dex+8}
rElec    +         Harm     .   z - ring of Fymah {rF+ AC+4 Stlth+}
rCorr    +         Rampage  .   D - ring of Mistrust {rF+ Int+2 Dex+6 Stlth+}
Will     +++++                  w - ring of Calesud {rC+ Int+4} Stlth ***+++++++
                                y - ring of Pamudghi {rF+ Will+ Str-3 SInv}
HPRegen  1.43/turn              U - ring "Qerromp" {+Blink Dex+6 Slay+2}
MPRegen  0.27/turn              b - ring "Rizixiunu" {rN+ Will+}
                                j - ring of the Kangaroo {rF+ rN+ AC+4}
                                a - ring "Baggyoja" {Will+ Dex+6}

@: flying
A: almost no armour, amphibious, 8 rings, camouflage 1, gelatinous body 1,
(nimble swimmer 1), tentacles, large bone plates 1, deterioration 1, poison
resistance, strong 1, no potion heal 1
}: 4/15 runes: decaying, silver, abyssal, gossamer
a: Renounce Religion, Evoke Blink, Potion Petition, Call Merchant, Bribe Branch


You were on level 7 of the Iron City of Dis.
You worshipped Gozag.
Gozag was most pleased with you.
You visited 13 branches of the dungeon, and saw 61 of its levels.
You visited the Abyss 4 times.
You visited 1 bazaar.
You also visited: Sewer, Gauntlet, Wizlab and Desolation.

You collected 42683 gold pieces.
You spent 9426 gold pieces at shops.
You paid 31244 gold pieces to Gozag.

Inventory:

Hand Weapons
 q - a +0 scimitar
 u - the +11 rapier of Karma (weapon) {freeze, rN+}
   (You acquired it on level 2 of the Spider Nest)

   It freezes those it strikes, dealing additional cold damage.
   It can also slow down cold-blooded creatures.
   rN:        It protects you from negative energy.
 Y - a +6 quick blade
Missiles
 c - 15 curare-tipped darts
 f - 4 silver boomerangs
 k - 20 javelins
 O - 6 throwing nets (quivered)
 Q - 7 boomerangs
 T - 15 silver javelins
Armour
 L - a +8 tower shield (worn)
 R - the +0 hat of the Lich-sworn (worn) {Fly rPois rC++ rCorr}
   (You acquired it on level 4 of the Vaults)

   rC:        It greatly protects you from cold.
   rPois:     It protects you from poison.
   Fly:       It grants you flight.
   rCorr:     It protects you from acid and corrosion.
Jewellery
 a - the ring "Baggyoja" (on tentacle) {Will+ Dex+6}
   (You found it in the Desolation of Salt)

   [ring of dexterity]

   Dex:       It affects your dexterity (+6).
   Will:      It increases your willpower.
 b - the ring "Rizixiunu" (on tentacle) {rN+ Will+}
   (You found it on level 5 of the Vaults)

   [ring of positive energy]

   rN:        It protects you from negative energy.
   Will:      It increases your willpower.
 d - the amulet of Dishonour (around mantle) {rElec rF- Regen+ Dex+8}
   (You acquired it on level 2 of the Dungeon)

   [amulet of regeneration]

   Dex:       It affects your dexterity (+8).
   rF:        It makes you vulnerable to fire.
   rElec:     It insulates you from electricity.
   Regen:     It increases your rate of health regeneration.
 j - the ring of the Kangaroo (on tentacle) {rF+ rN+ AC+4}
   (You found it in the Desolation of Salt)

   [ring of protection]

   AC:        It affects your AC (+4).
   rF:        It protects you from fire.
   rN:        It protects you from negative energy.
 p - the brooch of Shielding {Spirit SH+8}
   (You found it on level 7 of the Iron City of Dis)

   [amulet of guardian spirit]

   It causes incoming damage to be divided between your reserves of health and
   magic.
   SH:        It affects your SH (+8).
 w - the ring of Calesud (on tentacle) {rC+ Int+4}
   (You found it on level 4 of the Vaults)

   [ring of protection from cold]

   Int:       It affects your intelligence (+4).
   rC:        It protects you from cold.
 y - the ring of Pamudghi (on tentacle) {rF+ Will+ Str-3 SInv}
   (You acquired it on level 2 of the Orcish Mines)

   [ring of willpower]

   Str:       It affects your strength (-3).
   rF:        It protects you from fire.
   SInv:      It lets you see invisible.
   Will:      It increases your willpower.
 z - the ring of Fymah (left tentacle) {rF+ AC+4 Stlth+}
   (You found it in a wizard's laboratory)

   [ring of protection]

   AC:        It affects your AC (+4).
   rF:        It protects you from fire.
   Stlth:     It makes you more stealthy.
 D - the ring of Mistrust (right tentacle) {rF+ Int+2 Dex+6 Stlth+}
   (You bought it in a shop on level 8 of the Dungeon)

   [ring of dexterity]

   Int:       It affects your intelligence (+2).
   Dex:       It affects your dexterity (+6).
   rF:        It protects you from fire.
   Stlth:     It makes you more stealthy.
 K - the ring of Shadows {Umbra +Inv Stlth+}
   (You found it on level 7 of the Iron City of Dis)

   [ring of stealth]

   It surrounds you with an aura of shadow, increasing your stealth and reducing
   the accuracy of all within it (including the wearer).
   +Inv:      It lets you turn invisible.
   Stlth:     It makes you more stealthy.
 U - the ring "Qerromp" (on tentacle) {+Blink Dex+6 Slay+2}
   (You bought it in a shop on level 6 of the Dungeon)

   [ring of dexterity]

   Dex:       It affects your dexterity (+6).
   Slay:      It affects your accuracy & damage with ranged weapons and melee
   (+2).
   +Blink:    It lets you blink.
 V - the amulet "Xigirese" {Faith Int+3 Slay+3 Stlth+}
   (You found it in a wizard's laboratory)

   [amulet of faith]

   It allows you to gain divine favour quickly.
   Int:       It affects your intelligence (+3).
   Slay:      It affects your accuracy & damage with ranged weapons and melee
   (+3).
   Stlth:     It makes you more stealthy.
Wands
 e - a wand of acid (37)
 r - a wand of digging (35)
 v - a wand of charming (17)
 A - a wand of paralysis (22)
 H - a wand of iceblast (33)
 J - a wand of mindburst (44)
Scrolls
 g - 3 scrolls of blinking
 h - 2 scrolls of holy word
 m - 3 scrolls of silence
 s - 5 scrolls of summoning
 x - 6 scrolls of immolation
 G - 23 scrolls of teleportation
 I - 3 scrolls of fog
 M - a scroll of identify
 N - 7 scrolls of fear
 P - 9 scrolls of magic mapping
 W - 7 scrolls of enchant armour
Potions
 n - 3 potions of invisibility
 t - 3 potions of cancellation
 C - 2 potions of berserk rage
 E - 2 potions of heal wounds
 F - 4 potions of might
 S - 14 potions of curing
 Z - 8 potions of haste
Miscellaneous
 i - a box of beasts
 l - a phial of floods
 o - a condenser vane
 B - a phantom mirror (inert)
 X - a tin of tremorstones (2/2)


   Skills:
 - Level 20.0 Fighting
 - Level 16.0 Short Blades
 - Level 20.0 Throwing
 - Level 20.0 Dodging
 - Level 21.6 Stealth
 + Level 24.7 Shields
 - Level 5.0 Unarmed Combat
 - Level 14.0 Spellcasting
 - Level 10.0 Conjurations
 - Level 20.0 Hexes
 - Level 5.0 Translocations
 - Level 10.0 Transmutations
 - Level 7.6 Ice Magic
 + Level 11.7 Air Magic
 - Level 5.0 Poison Magic
 - Level 12.1 Evocations


You had 7 spell levels left.
You knew the following spells:

 Your Spells              Type           Power      Damage    Failure   Level
a - Dazzling Flash        Conj/Hex       100%       N/A       1%          3
b - Tukima's Dance        Hex            93%        N/A       0%          3
c - Swiftness             Air            71%        N/A       1%          3
d - Silence               Hex/Air        41%        N/A       1%          5
e - Yara's Violent Unrav  Hex/Tmut       40%        3d16      1%          5
f - Lesser Beckoning      Tloc           23%        N/A       1%          3
g - Invisibility          Hex            46%        N/A       1%          6
h - Passwall              Tmut/Erth      39%        N/A       1%          2
i - Alistair's Intoxicat  Tmut/Pois      38%        N/A       3%          5
j - Discord               Hex            46%        N/A       4%          8
k - Hailstorm             Conj/Ice       62%        3d13      1%          4

Your spell library contained the following spells:

 Spells                   Type           Power      Damage    Failure   Level
 Ensorcelled Hibernation  Hex/Ice        100%       N/A       0%          2
 Slow                     Hex            93%        N/A       0%          2
 Confusing Touch          Hex            93%        N/A       0%          3
 Apportation              Tloc           94%        N/A       1%          1
 Beastly Appendage        Tmut           100%       N/A       1%          1
 Foxfire                  Conj/Fire      100%       2x1d9     1%          1
 Freeze                   Ice            100%       1d11      1%          1
 Magic Dart               Conj           100%       1d8       1%          1
 Sting                    Tmut/Pois      100%       1d8       1%          1
 Corpse Rot               Necr/Air       N/A        N/A       1%          2
 Poisonous Vapours        Pois/Air       100%       N/A       1%          2
 Static Discharge         Conj/Air       69%        N/A       1%          2
 Wereblood                Tmut           66%        N/A       1%          2
 Conjure Flame            Conj/Fire      47%        6-21      1%          3
 Frozen Ramparts          Ice            100%       1d12      1%          3
 Gell's Gravitas          Tloc           23%        N/A       1%          3
 Ignite Poison            Fire/Tmut/Pois 47%        N/A       1%          3
 Inner Flame              Hex/Fire       66%        N/A       1%          3
 Mephitic Cloud           Conj/Pois/Air  62%        N/A       1%          3
 Portal Projectile        Hex/Tloc       100%       N/A       1%          3
 Spider Form              Tmut/Pois      28%        N/A       1%          3
 Summon Guardian Golem    Hex/Summ       66%        N/A       1%          3
 Teleport Other           Tloc           47%        N/A       1%          3
 Fulminant Prism          Conj/Hex       40%        3d20      1%          4
 Ice Form                 Ice/Tmut       62%        N/A       1%          4
 Blade Hands              Tmut           33%        N/A       1%          5
 Freezing Cloud           Conj/Ice/Air   32%        6-21      1%          5
 Irradiate                Conj/Tmut      33%        3d25      1%          5
 Lightning Bolt           Conj/Air       34%        1d52      1%          5
 Metabolic Englaciation   Hex/Ice        38%        N/A       1%          5
 Summon Mana Viper        Hex/Summ       66%        N/A       1%          5
 Pain                     Necr           76%        1d7       2%          1
 Sandblast                Erth           38%        2d10      2%          1
 Summon Small Mammal      Summ           76%        N/A       2%          1
 Summon Lightning Spire   Summ/Air       51%        N/A       2%          4
 Olgreb's Toxic Radiance  Pois           47%        N/A       3%          4
 Passage of Golubria      Tloc           N/A        N/A       3%          4
 Petrify                  Tmut/Erth      47%        N/A       3%          4
 Sticky Flame             Conj/Fire      47%        2d6       3%          4
 Conjure Ball Lightning   Conj/Air       34%        3x3d11    4%          6
 Call Canine Familiar     Summ           19%        N/A       9%          3
 Eringya's Noxious Bog    Tmut/Pois      28%        N/A       19%         6
 Animate Dead             Necr           9%         N/A       26%         4
 Summon Forest            Summ/Tloc      16%        N/A       26%         5
 Storm Form               Tmut/Air       34%        N/A       26%         7
 Orb of Destruction       Conj           33%        9d12      36%         7
 Dispersal                Tloc           23%        N/A       47%         6
 Iron Shot                Conj/Erth      23%        9d5       47%         6
 Statue Form              Tmut/Erth      31%        N/A       47%         6
 Agony                    Necr           19%        N/A       58%         5
 Borgnjor's Vile Clutch   Necr/Erth      9%         N/A       58%         5
 Excruciating Wounds      Necr           9%         N/A       58%         5
 Lee's Rapid Deconstruct  Erth           9%         3d8*      58%         5
 Simulacrum               Ice/Necr       20%        N/A       65%         6
 Spellforged Servitor     Conj/Summ      23%        N/A       96%         7
 Death Channel            Necr           9%         N/A       99%         6
 Shadow Creatures         Summ           N/A        N/A       99%         6
 Haunt                    Necr/Summ      9%         N/A       100%        7
 Malign Gateway           Summ/Tloc      16%        N/A       100%        7
 Summon Hydra             Summ           9%         N/A       100%        7
 Maxwell's Capacitive Co  Air            35%        ∞         82%         8
 Disjunction              Tloc           23%        N/A       100%        8
 Infestation              Necr           9%         N/A       100%        8
 Chain Lightning          Conj/Air       34%        3d46      100%        9
 Animate Armour           Summ/Erth      Unusable   N/A       N/A         4

Dungeon Overview and Level Annotations

Branches:
Dungeon (15/15)            Temple (1/1) D:6            Lair (6/6) D:8
  Swamp (4/4) Lair:2       Spider (4/4) Lair:2        Slime (0/5) Lair:5
    Orc (2/2) D:10            Elf (3/3) Orc:2        Vaults (5/5) D:14
  Crypt (3/3) Vaults:3       Tomb (0/3) Crypt:3      Depths (5/5) D:15
   Hell (visited)             Dis (6/7) Hell            Geh (0/7) Hell
    Coc (0/7) Hell            Tar (0/7) Hell            Zot (5/5) Depths:5
  Sewer (visited)          WizLab (visited)         Desolation (visited)
Gauntlet (visited)

Altars:
Ashenzari
Cheibriados
Dithmenos
Elyvilon
Fedhas
Gozag
Hepliaklqana
Kikubaaqudgha
Makhleb
Nemelex Xobeh
Okawaru
Qazlal
Ru
Sif Muna
Trog
Uskayaw
Vehumet
Yredelemnul
The Shining One
Jiyva
Lugonu

Shops:
D:2 *   D:5 ?(   D:6 =   D:8 =   Orc:2 *??[   Elf:1 [[(*:   Elf:3 (   Lair:1 *
Lair:6 ?   Swamp:2 :   Vaults:2 [   Vaults:3 (   Vaults:4 =*   Vaults:5 [*
Zot:3 =   Depths:2 !!!=

Portals:
Hell: Depths:1 Depths:2 Depths:3 Depths:4 Depths:5
Abyss: Lair:6 Depths:2 Depths:4
Pandemonium: Depths:3
Ziggurat: Depths:1

Annotations:
Depths:2 1 transporter
Dis:7 Dispater


Innate Abilities, Weirdness & Mutations

You cannot wear most types of armour.
You are amphibious.
You can wear up to eight rings at the same time.
Your skin changes colour to match your surroundings (Stealth+).
Your rubbery body absorbs attacks. (AC +1, EV +1)
((You are camouflaged near water. (Stealth+)))
You have tentacles for arms and can constrict up to eight enemies at once.
You are partially covered in large bone plates. (SH +4)
Your body sometimes deteriorates upon taking damage.
Your system is resistant to poisons. (rPois)
Your muscles are strong. (Str +2)
Potions are less effective at restoring your health.


Message History

Your system partially rejects the healing.
You feel much better.
You block the iron dragon's attack. x2; The iron dragon misses you.
You hit the iron dragon but do no damage.
You tentacle-slap the iron dragon.
You squeeze the iron dragon, but do no damage.
The iron dragon is lightly wounded.
You hit the iron dragon.
You tentacle-slap the iron dragon, but do no damage.
You squeeze the iron dragon, but do no damage.
The iron dragon is lightly wounded.
You completely miss the iron dragon.
You squeeze the iron dragon, but do no damage.
The iron dragon is lightly wounded.
You block the iron dragon's attack. x3
You puncture the iron dragon! You freeze the iron dragon.
The iron dragon is lightly wounded.
You hit the iron dragon but do no damage.
You squeeze the iron dragon!
The iron dragon is moderately wounded.
You block the iron dragon's attack. x3
You hit the iron dragon but do no damage.
The iron dragon is moderately wounded.
You hit the iron dragon but do no damage.
You squeeze the iron dragon!
The iron dragon is moderately wounded.
You block the iron dragon's attack. x3
You puncture the iron dragon! You freeze the iron dragon.
You squeeze the iron dragon, but do no damage.
The iron dragon is moderately wounded.
You hit the iron dragon.
You squeeze the iron dragon, but do no damage.
The iron dragon is moderately wounded.
You hit the iron dragon but do no damage.
You squeeze the iron dragon.
The iron dragon is heavily wounded.
The iron dragon breathes metal splinters at you.
The spray of metal splinters hits you!!!
You die...
Your body crumbles into a pile of gold.

#### *** ##* #..# .,* #.* #..###
..###.* ###..'.#
#.....###....#.#########*********
.............#..@.∩.....,,,,,,,,,
,,,*+#...8.###...D......,,,*****,
,,,,,#.#...#......(.....,,,* *,
+*,..#'#$..#.#########..,,,* *,
,#8....###'#.# *,.,,,* *∩
,###.8...#...# *,,,,,* *,
,,.#.....##### *,,,,,* *,
,,,'Z.#..# *,,,,,*****,
,,.#..'..#*** *,,,,,,,,,,,


You could see an iron dragon (catching breath).

Vanquished Creatures
  An ancient lich (Zot:5)
  3 orbs of fire (Zot:5)
  4 dread liches
  Khufu (Crypt:1)
  Mara (Depths:2)
  Mennas (Depths:4)
  2 juggernauts
  5 royal mummies
  Saint Roka (Depths:2)
  2 Killer Klowns
  Geryon (Hell)
  2 caustic shrikes
  A profane servitor (Crypt:3)
  5 bone dragons
  Nikola (Swamp:1)
  14 golden dragons
  Jory (Vaults:3)
  A Hellbinder (WizLab)
  Arachne (Spider:3)
  A Tzitzimitl (Dis:7)
  4 Brimstone Fiends
  2 iron giants (Dis:7)
  3 electric golems
  Jorgrun (Spider:3)
  A hellephant (Depths:2)
  7 Hell Sentinels
  4 Ice Fiends (Dis:7)
  21 tentacled monstrosities
  13 liches
  A titan (Vaults:5)
  3 deep elf blademasters
  13 Orb Guardians (Zot:5)
  12 quicksilver dragons
  2 deep elf master archers (Elf:3)
  2 Executioners
  20 tentacled starspawn
  A kraken (Abyss:3)
  Frances (D:12)
  7 sphinxes
  9 death cobs
  10 draconian monks
  8 ancient champions
  Kirke (Elf:1)
  5 tengu reavers
  13 shadow dragons
  Donald (Elf:1)
  The ghost of Riddle the Severer, an adept VSFi of Cheibriados (Elf:3)
  18 storm dragons
  2 fenstrider witches
  3 revenants
  9 draconian knights
  4 emperor scorpions
  4 deep elf sorcerers
  2 imperial myrmidons (Desolation)
  3 fire giants
  5 balrugs
  Louise (Depths:4)
  17 vault wardens
  10 frost giants
  7 iron dragons
  Aizul (Swamp:1)
  An orc warlord (Vaults:4)
  8 draconian scorchers
  5 ghouls
  21 ironbound preservers
  7 ghost moths
  A caustic shrike zombie (Depths:3)
  2 curse skulls
  A spriggan defender (Depths:4)
  2 draconian stormcallers
  5 cacodemons
  4 draconian shifters
  16 reapers
  5 deep elf elementalists (Elf:3)
  13 war gargoyles
  13 draconian annihilators
  15 vampire knights
  30 very ugly things
  A caustic shrike skeleton (Crypt:1)
  17 green draconians
  An ophan (Abyss:4)
  5 lorocyprocas
  14 stone giants
  7 deep elf demonologists (Elf:3)
  Nessos (Lair:5)
  11 black draconians
  2 entropy weavers
  18 red draconians
  19 white draconians
  2 minotaurs
  5 deep elf annihilators
  3 dire elephants (Vaults:2)
  A bunyip (Swamp:2)
  15 purple draconians
  3 spark wasps
  4 yellow draconians
  An eidolon (Crypt:1)
  The ghost of Sarphogetiu the Severer, a journeyman HOBe of Trog (D:14)
  A merfolk javelineer (Elf:3)
  6 blizzard demons
  4 crystal guardians
  5 eleionomae
  2 shambling mangroves (Swamp:4)
  11 ettins
  8 deep elf death magi
  9 ragged hierophants (Desolation)
  9 great orbs of eyes
  3 green deaths
  2 mummy priests (Depths:3)
  2 quicksilver dragon zombies
  7 fire dragons
  13 jiangshi
  2 deep elf high priests
  A fenstrider witch zombie (Crypt:1)
  Josephine (D:11)
  6 rakshasas
  10 yaktaur captains
  4 servants of whispers (Desolation)
  10 peacekeepers
  3 ironbound thunderhulks
  9 ice dragons
  A ghost crab (Swamp:1)
  37 vault guards
  3 hell beasts
  2 ogre magi
  5 spriggan air magi
  11 boulder beetles
  23 hydras
  A salamander tyrant (Depths:2)
  6 ironbound frosthearts
  15 centaur warriors
  11 death yaks
  4 death knights (Crypt:3)
  2 two-headed ogres
  A fenstrider witch skeleton (Crypt:2)
  7 deep troll earth magi
  6 alligators
  A deep troll shaman (Depths:3)
  18 thrashing horrors
  11 tengu warriors
  4 ironbound beastmasters
  15 spriggan berserkers
  3 hell hogs
  5 vampire magi
  3 orc high priests (Orc:2)
  2 titan zombies
  8 spriggans
  14 hell knights
  Sonja (Lair:4)
  Nergalle (D:11)
  5 soul eaters
  3 iron golems
  15 wretched stars
  9 sixfirhies
  2 titan skeletons
  27 deep elf knights
  53 skeletal warriors
  3 storm dragon zombies
  6 iron trolls
  12 sun demons
  A ghost moth zombie (Dis:5)
  A kraken simulacrum (Hell)
  A quicksilver dragon simulacrum (Abyss:1)
  7 shadow wraiths
  An anaconda zombie (Crypt:1)
  3 goliath frogs
  A golden dragon zombie (Hell)
  3 spriggan druids
  3 spatial maelstroms
  A death drake (Depths:5)
  10 swamp dragons
  2 shadow demons
  66 deep trolls
  A spark wasp zombie (Hell)
  11 flayed ghosts
  10 deep elf archers
  Pikel (D:9)
  6 bog bodies (Swamp:4)
  7 glowing orange brains
  16 ironbound convokers
  12 wizards
  4 lindwurms
  7 phantasmal warriors
  13 orc knights
  37 deep elf zephyrmancers
  An anaconda skeleton (Crypt:1)
  2 fire giant zombies (Hell)
  9 necromancers
  A sphinx zombie (Hell)
  2 iron dragon zombies
  2 tengu zombies
  2 wolf spider zombies
  46 deep elf pyromancers
  A tengu skeleton (Vaults:2)
  An orb spider (shapeshifter) (D:14)
  A shadow dragon skeleton (Dis:3)
  8 frost giant zombies
  23 orb spiders
  65 ugly things
  5 salamanders
  An oklob plant (Lair:6)
  2 stone giant zombies
  5 orc sorcerers
  35 wolf spiders
  5 will-o-the-wisps
  4 manticores
  A shining eye (Abyss:1)
  A shining eye (shapeshifter) (Elf:2)
  3 worldbinders
  3 cyclopes
  A guardian serpent (shapeshifter) (Lair:6)
  Maurice (D:8)
  6 guardian serpents
  3 naga magi
  32 rust devils
  An elephant (shapeshifter) (Depths:5)
  19 moths of wrath
  2 apocalypse crabs (Abyss:3)
  Joseph (D:7)
  A black mamba (shapeshifter) (Lair:6)
  An eye of devastation (Abyss:1)
  7 cane toads
  6 black mambas
  26 smoke demons
  14 vault sentinels
  An elf zombie (Depths:3)
  A dire elephant zombie (Dis:3)
  2 human skeletons
  A gargoyle (D:14)
  An elephant slug zombie (Crypt:2)
  3 torpor snails
  2 spriggan zombies (Hell)
  5 molten gargoyles
  8 hellions
  2 unseen horrors (D:12)
  Maggie (Lair:1)
  A catoblepas zombie (Crypt:2)
  A rime drake (Orc:2)
  An anaconda simulacrum (Hell)
  24 demonic crawlers
  6 efreet
  A ghost moth simulacrum (Hell)
  10 komodo dragons
  5 orange demons
  A purple draconian zombie (Crypt:2)
  17 ancient zymes
  16 tormentors
  A pale draconian zombie (Crypt:2)
  A tengu conjurer (Depths:4)
  8 freezing wraiths
  A sea snake zombie (Hell)
  2 kobold demonologists
  6 hellwings
  16 ice devils
  10 red devils
  A yellow draconian skeleton (Crypt:1)
  A sea snake skeleton (Hell)
  35 yaktaurs
  2 harpy zombies
  A queen bee (Lair:1)
  A polar bear (shapeshifter) (Lair:6)
  A silent spectre (Abyss:3)
  52 jumping spiders
  A jumping spider (shapeshifter) (Abyss:4)
  6 meliai
  4 polar bears
  4 trolls
  18 hornets
  6 tyrant leeches
  A moth of wrath zombie (Crypt:2)
  Grinder (D:6)
  29 blink frogs
  59 slime creatures
  A guardian serpent zombie (Crypt:1)
  A wind drake (shapeshifter) (D:14)
  46 saltlings (Desolation)
  A hydra skeleton (Hell)
  A deep troll zombie (Hell)
  4 dream sheep (Lair:5)
  3 alligator zombies (Hell)
  A frost giant simulacrum (Crypt:1)
  3 ettin zombies
  An ice dragon zombie (Crypt:1)
  An iron dragon simulacrum (Crypt:3)
  27 raiju
  51 flying skulls
  A stone giant simulacrum (Crypt:3)
  7 water elementals
  8 air elementals
  3 ettin skeletons
  48 large abominations
  A tarantella (shapeshifter) (Abyss:1)
  4 centaur simulacra
  107 redbacks
  11 shadows
  37 tarantellas
  4 wyverns
  4 fire bats
  2 vampires
  38 yaks
  12 wraiths
  2 basilisks (shapeshifter)
  5 fire elementals
  Menkaure (D:6)
  13 ynoxinuls
  5 basilisks
  A golden eye (Abyss:1)
  7 neqoxecs
  Grum (D:8)
  3 steam dragons
  5 spatial vortices
  24 vampire mosquitoes
  14 chaos spawn
  Edmund (D:5)
  15 swamp worms
  4 nagas
  A warg (Orc:2)
  5 acid dragons
  A cane toad zombie (Dis:3)
  12 water moccasins
  4 floating eyes (Depths:2)
  A floating eye (shapeshifter) (Depths:4)
  A torturous demonspawn skeleton (Crypt:1)
  17 hell hounds
  A cane toad skeleton (Dis:7)
  2 black bears (shapeshifter)
  2 sky beasts
  9 swamp drakes
  An ice beast (Abyss:1)
  33 orc warriors
  A snapping turtle zombie (Dis:2)
  7 wolves
  2 hornet zombies
  A manticore zombie (Crypt:2)
  A black mamba simulacrum (Crypt:3)
  7 ogres
  A swamp dragon zombie (Dis:5)
  An ice dragon simulacrum (Crypt:3)
  3 boggarts (D:15)
  7 necrophages
  A phantom (D:5)
  5 centaurs
  A lindwurm skeleton (Crypt:1)
  2 lemures (D:9)
  8 kobold brigands
  8 bullfrogs
  55 small abominations
  4 earth elementals
  A gnoll sergeant (D:8)
  A human zombie (Vaults:1)
  2 scorpions (D:5)
  31 killer bees
  A troll zombie (Dis:7)
  26 wights
  A howler monkey (D:12)
  3 electric eels
  7 crimson imps
  4 quasits
  55 starcursed masses
  A jelly (Lair:5)
  3 lava snakes (Lair:3)
  A wolf skeleton (Crypt:1)
  2 centaur skeletons
  2 bullfrog skeletons (D:6)
  16 orc priests
  8 centaur zombies
  20 iron imps
  An iguana (D:5)
  23 orc wizards
  12 hell rats
  A scorpion zombie (D:5)
  2 killer bee zombies
  5 mummies
  7 gnolls
  2 howler monkey zombies
  7 adders
  13 river rats
  2 shadow imps
  13 white imps
  3 ufetubi
  4 worms
  3 dart slugs
  64 orcs
  10 ball pythons
  3 bats
  9 endoplasms
  A giant cockroach (D:4)
  A gnoll zombie (Crypt:1)
  4 hobgoblins
  6 jackals
  4 quokkas
  A dart slug zombie (Crypt:2)
  A frilled lizard (D:2)
  2 goblins
  27 kobolds
  24 rats
  A spectral orc (D:11)
  A bush (Lair:6)
  5 lurking horrors
  12 starspawn tentacles
  A tentacle (Hell)
3212 creatures vanquished.

Vanquished Creatures (collateral kills)
  An ancient lich (Vaults:5)
  A Killer Klown (Zot:5)
  A golden dragon (Vaults:5)
  2 iron giants
  7 Orb Guardians (Zot:5)
  3 ancient champions
  A tengu reaver (Vaults:5)
  A sphinx (Vaults:5)
  A storm dragon (Vaults:5)
  A shadow dragon (Vaults:5)
  A draconian monk (Zot:2)
  A draconian knight (Zot:2)
  An iron dragon (Dis:7)
  A draconian annihilator (Zot:2)
  An ironbound preserver (Vaults:5)
  8 war gargoyles
  A green draconian (Zot:3)
  A very ugly thing (Vaults:5)
  A vampire knight (Crypt:3)
  2 red draconians
  A yellow draconian (Zot:5)
  A deep elf demonologist (Vaults:5)
  2 white draconians
  A black draconian (Zot:5)
  A jiangshi (Vaults:3)
  A fire dragon (Abyss:4)
  A deep elf high priest (Vaults:5)
  An ice dragon (Depths:2)
  2 yaktaur captains (Vaults:5)
  2 vault guards (Vaults:5)
  An ogre mage (Abyss:4)
  A dancing weapon (Dis:7)
  A tengu warrior (Depths:2)
  3 hell knights
  7 skeletal warriors
  An iron golem (Dis:7)
  3 iron trolls (Dis:7)
  3 deep trolls (Vaults:5)
  An ironbound convoker (Vaults:5)
  An iron dragon zombie (Dis:3)
  A necromancer (Dis:7)
  A vault sentinel (Vaults:5)
  4 rust devils
  3 hellions
  3 tormentors
  2 red devils
  A troll (Vaults:5)
  A saltling (Desolation)
  2 wraiths
  A shadow (Abyss:3)
  3 fire bats (Abyss:4)
  6 chaos spawn (Abyss:4)
  A warg (Vaults:5)
  3 hell hounds (Dis:7)
  A killer bee (Abyss:4)
  A wight (Dis:3)
  A starcursed mass (Abyss:3)
  2 iron imps
  A hell rat (Depths:2)
  A naga skeleton (Crypt:1)
  3 orcs (Vaults:5)
114 creatures vanquished.

Vanquished Creatures (others)
  An orb of fire (Zot:5)
  An ancient lich (Vaults:5)
  5 Orb Guardians (Zot:5)
  A tentacled monstrosity (Vaults:5)
  A draconian monk (Depths:5)
  A storm dragon (Zot:5)
  A frost giant (Vaults:5)
  2 vault wardens
  A draconian stormcaller (Zot:3)
  A reaper (Hell)
  An ironbound preserver (Vaults:3)
  2 war gargoyles
  A blood saint (WizLab)
  2 stone giants (Vaults:5)
  A purple draconian (Depths:5)
  A red draconian (Zot:2)
  An ettin (Vaults:5)
  A yaktaur captain (Vaults:5)
  46 dancing weapons
  A hell hog (Abyss:2)
  2 deep elf knights (Elf:1)
  3 skeletal warriors
  2 iron trolls (Dis:7)
  A deep troll (Vaults:2)
  2 ironbound convokers (Vaults:5)
  A phantasmal warrior (Dis:7)
  A deep elf zephyrmancer (Elf:1)
  An ugly thing (Vaults:1)
  A moth of wrath (Spider:4)
  2 smoke demons
  A hellion (Dis:7)
  A tormentor (Dis:7)
  A freezing wraith (Dis:7)
  A bloated husk (Swamp:2)
  A hornet (Spider:4)
  A raiju (Abyss:3)
  A saltling (Desolation)
  A fire bat (Abyss:4)
  A human (Elf:1)
  A neqoxec (Abyss:1)
  A hell hound (Dis:7)
  A small abomination (Abyss:1)
  A starcursed mass (Abyss:3)
  2 iron imps (Dis:7)
  A hell rat (Depths:2)
  A mummy (Dis:5)
  5 foxfires (Abyss:1)
  14 fungi
  19 plants
  50 starspawn tentacles
  7 tentacles
200 creatures vanquished.

Grand Total: 3526 creatures vanquished

Notes
Turn   | Place    | Note
-------+----------+-------------------------------------------
     0 | D:1      | Delamore the Octopode Brigand began the quest for the Orb.
     0 | D:1      | Reached XP level 1. HP: 14/14 MP: 1/1
   171 | D:1      | Reached XP level 2. HP: 16/19 MP: 2/2
   401 | D:1      | Reached XP level 3. HP: 24/24 MP: 3/3
   751 | D:2      | Found Nept's General Store.
   757 | D:2      | Bought a scroll of identify for 26 gold pieces
   757 | D:2      | Bought a potion of curing for 39 gold pieces
   757 | D:2      | Identified a scroll of acquirement
   758 | D:2      | Acquired the amulet of Dishonour {rElec rF- Regen+ Dex+8}
   892 | D:2      | Acquired 1302 gold pieces
  1643 | D:3      | Found a faded altar of an unknown god.
  1983 | D:4      | Found a broken altar of Ashenzari.
  1995 | D:4      | Reached XP level 4. HP: 29/29 MP: 4/4
  2052 | D:4      | Found a glowing drain.
  2056 | Sewer    | Entered a sewer
  2205 | Sewer    | Reached XP level 5. HP: 30/34 MP: 5/5
  2274 | Sewer    | Noticed a kobold brigand
  2274 | Sewer    | Noticed a kobold brigand
  2281 | Sewer    | Killed a kobold brigand
  2283 | Sewer    | Killed a kobold brigand
  2284 | Sewer    | Reached skill level 5 in Short Blades
  2284 | Sewer    | Reached XP level 6. HP: 32/39 MP: 6/6
  2440 | Sewer    | Reached XP level 7. HP: 42/45 MP: 7/7
  2861 | D:4      | Found a glowing golden altar of the Shining One.
  2866 | D:4      | Found a radiant altar of Vehumet.
  2913 | D:4      | Found an ancient bone altar of Kikubaaqudgha.
  2994 | D:5      | Entered Level 5 of the Dungeon
  3141 | D:4      | Reached skill level 1 in Evocations
  3468 | D:5      | Reached skill level 5 in Throwing
  3473 | D:5      | Reached XP level 8. HP: 50/50 MP: 8/8
  3614 | D:5      | Found a sparkling altar of Nemelex Xobeh.
  3758 | D:5      | Noticed Edmund
  3770 | D:5      | Killed Edmund
  4150 | D:2      | Bought a scroll of immolation for 45 gold pieces
  4150 | D:2      | Bought 7 curare-tipped darts for 54 gold pieces
  4150 | D:2      | Bought a scroll of teleportation for 39 gold pieces
  4150 | D:2      | Bought a ring of protection from fire for 325 gold pieces
  4325 | D:5      | Found Piott's Antique Weapon Shoppe.
  4537 | D:6      | Found a staircase to the Ecumenical Temple.
  4580 | Temple   | Entered the Ecumenical Temple
  4692 | Temple   | Became a worshipper of Gozag Ym Sagoz the Greedy
  4875 | D:6      | Noticed Menkaure
  4877 | D:6      | Killed Menkaure
  4878 | D:6      | Reached XP level 9. HP: 54/54 MP: 9/9
  5338 | D:6      | Reached skill level 5 in Evocations
  5366 | D:6      | Noticed Grinder
  5376 | D:6      | Killed Grinder
  6137 | D:7      | Found a white marble altar of Elyvilon.
  6139 | D:7      | Found a blossoming altar of Fedhas.
  6161 | D:7      | Reached skill level 10 in Short Blades
  6175 | D:7      | Noticed Joseph
  6200 | D:7      | Killed Joseph
  6520 | D:7      | Found a snail-covered altar of Cheibriados.
  6800 | D:7      | Reached XP level 10. HP: 53/60 MP: 10/10
  6950 | D:8      | Found a staircase to the Lair.
  6954 | D:8      | Noticed Grum
  6980 | D:8      | Noticed Maurice
  6986 | D:8      | Killed Grum
  6989 | D:8      | Killed Maurice
  8119 | Lair:1   | Entered Level 1 of the Lair of Beasts
  8119 | Lair:1   | Noticed a cane toad
  8136 | Lair:1   | Killed a cane toad
  9294 | Lair:1   | Killed Maggie
  9295 | Lair:1   | Reached skill level 5 in Fighting
  9295 | Lair:1   | Reached skill level 5 in Dodging
  9295 | Lair:1   | Reached skill level 10 in Stealth
  9295 | Lair:1   | Reached XP level 11. HP: 45/72 MP: 11/11
  9663 | D:6      | Bought the ring "Qerromp" {+Blink Dex+6 Slay+2} for 1132
                  | gold pieces
  9973 | Lair:2   | Found a hole to the Spider Nest.
 10038 | Lair:2   | Found a stormy altar of Qazlal.
 10163 | Lair:2   | Found a staircase to the Swamp.
 11438 | Lair:3   | Reached XP level 12. HP: 81/81 MP: 12/12
 11624 | Lair:3   | Found a runed translucent door.
 11663 | Lair:3   | Found a runed translucent gate.
 11663 | Lair:3   | Found a runed translucent gate.
 11663 | Lair:3   | Found a runed translucent gate.
 11663 | Lair:3   | Found a runed translucent gate.
 11663 | Lair:3   | Found a runed translucent gate.
 11663 | Lair:3   | Found a runed translucent gate.
 11713 | Lair:3   | Noticed a boulder beetle
 12048 | Lair:4   | Noticed Sonja
 12050 | Lair:4   | Killed Sonja
 12500 | Lair:4   | You fall into a shaft and drop 1 floor!
 12673 | Lair:5   | Acquired a +0 buckler of protection
 12738 | Lair:5   | Reached skill level 1 in Shields
 12772 | Lair:5   | Noticed Nessos
 12783 | Lair:5   | Reached skill level 2 in Shields
 12785 | Lair:5   | Noticed a four-headed hydra
 12798 | Lair:5   | Killed a four-headed hydra
 12812 | Lair:5   | Killed Nessos
 12939 | Lair:5   | Reached XP level 13. HP: 84/90 MP: 13/13
 12941 | Lair:5   | Reached skill level 3 in Shields
 12952 | Lair:5   | Found a runed translucent door.
 12953 | Lair:5   | Found a viscous altar of Jiyva.
 12953 | Lair:5   | Found a staircase to the Slime Pits.
 13004 | Lair:5   | Reached skill level 10 in Evocations
 13980 | Lair:6   | Entered Level 6 of the Lair of Beasts
 14010 | Lair:6   | Reached skill level 4 in Shields
 14089 | Lair:6   | Found a gate leading to a gauntlet.
 14098 | Gauntlet | Entered a Gauntlet
 14098 | Gauntlet | Found a transporter.
 14098 | Gauntlet | Found a transporter.
 14099 | Gauntlet | Found a runed translucent door.
 14100 | Gauntlet | Found a transporter.
 14102 | Gauntlet | Found a transporter.
 14103 | Gauntlet | Found a transporter.
 14141 | Gauntlet | Found a transporter.
 14145 | Gauntlet | Found a transporter.
 14145 | Gauntlet | Found a transporter.
 14149 | Gauntlet | Found a runed translucent door.
 14149 | Gauntlet | Found a runed translucent door.
 14158 | Gauntlet | Found a transporter.
 14175 | Gauntlet | Found a transporter.
 14182 | Gauntlet | Noticed a reaper
 14185 | Gauntlet | Found a transporter.
 14197 | Gauntlet | Found a transporter.
 14244 | Gauntlet | Found a transporter.
 14261 | Gauntlet | Found a transporter.
 14412 | Gauntlet | Reached skill level 10 in Fighting
 14463 | Gauntlet | Identified the +1 hat of Day {Contam Str+9 Slay+2}
 14487 | Gauntlet | Identified the +7 glaive of Superiority {speed, Will- Str+3
                  | Int+3}
 14487 | Gauntlet | Noticed a minotaur
 14502 | Gauntlet | Killed a minotaur
 14503 | Gauntlet | Reached skill level 5 in Shields
 14531 | Lair:6   | Bought a scroll of magic mapping for 52 gold pieces
 14538 | Lair:6   | Bought a scroll of blinking for 112 gold pieces
 15017 | Lair:6   | Found a corrupted altar of Lugonu.
 15017 | Lair:6   | Found a one-way gate to the infinite horrors of the Abyss.
 15090 | Lair:6   | Reached XP level 14. HP: 75/99 MP: 14/14
 15294 | Lair:6   | Reached skill level 15 in Short Blades
 16579 | D:8      | Learned a level 3 spell: Dazzling Flash
 16903 | D:9      | Noticed Pikel
 16914 | D:9      | Killed Pikel
 17269 | D:9      | Found an iron altar of Okawaru.
 17478 | D:10     | Entered Level 10 of the Dungeon
 17530 | D:10     | Found a shadowy altar of Dithmenos.
 17551 | D:10     | Reached skill level 1 in Hexes
 17566 | D:10     | Reached skill level 1 in Spellcasting
 18134 | D:10     | Found a staircase to the Orcish Mines.
 18651 | D:11     | Noticed Josephine
 18665 | D:11     | Killed Josephine
 18707 | D:11     | Found a basalt altar of Yredelemnul.
 18722 | D:11     | Noticed Nergalle
 18735 | D:11     | Killed Nergalle
 18748 | D:11     | You fall into a shaft and drop 1 floor!
 19543 | Orc:1    | Entered Level 1 of the Orcish Mines
 19928 | Orc:2    | Entered Level 2 of the Orcish Mines
 20252 | Orc:2    | Found a frozen archway.
 20411 | Orc:2    | Found a staircase to the Elven Halls.
 20579 | Orc:2    | Reached XP level 15. HP: 103/103 MP: 19/19
 20731 | Orc:2    | Found Esel Ics's Antique Armour Emporium.
 20731 | Orc:2    | Found Couvoi's Assorted Antiques.
 20732 | Orc:2    | Found Woehitsa's Magic Scroll Shop.
 20732 | Orc:2    | Found Huohyl's Magic Scroll Shop.
 21399 | Orc:2    | Bought a scroll of acquirement for 884 gold pieces
 21399 | Orc:2    | Acquired the ring of Pamudghi {rF+ Will+ Str-3 SInv}
 21412 | Orc:2    | Bought a scroll of brand weapon for 280 gold pieces
 21412 | Orc:2    | Bought a scroll of blinking for 105 gold pieces
 21412 | Orc:2    | Bought a scroll of blinking for 105 gold pieces
 21422 | Orc:2    | Bought a potion of heal wounds for 110 gold pieces
 21422 | Orc:2    | Bought a potion of curing for 66 gold pieces
 21772 | D:12     | Found a runed translucent door.
 21775 | D:12     | Found a runed translucent door.
 21788 | D:12     | Identified the +0 robe "Qarphu Jyqi" {Dex+5}
 21838 | D:12     | Reached skill level 10 in Throwing
 21911 | D:12     | Noticed Frances
 22425 | D:12     | Killed Frances
 22426 | D:12     | Reached skill level 5 in Hexes
 22471 | D:12     | Got the Grimoire of Spatial Toxins
 22912 | D:8      | Bought the ring of Mistrust {rF+ Int+2 Dex+6 Stlth+} for
                  | 1192 gold pieces
 23244 | D:13     | Reached skill level 5 in Spellcasting
 23488 | D:13     | You fall into a shaft and drop 2 floors!
 23488 | D:15     | Entered Level 15 of the Dungeon
 23490 | D:15     | Found a staircase to the Depths.
 23500 | D:15     | Reached skill level 10 in Dodging
 24505 | D:14     | Reached XP level 16. HP: 109/109 MP: 28/28
 24606 | D:14     | Found a gate to the Vaults.
 24829 | D:14     | Found a runed translucent door.
 24943 | D:14     | Noticed Sarphogetiu's ghost (journeyman HOBe)
 25080 | D:14     | Killed Sarphogetiu's ghost
 25666 | D:15     | Reached skill level 10 in Spellcasting
 26350 | Depths:1 | Entered Level 1 of the Depths
 26410 | Depths:1 | Found a gateway to a ziggurat.
 26803 | Depths:1 | Found a gateway to Hell.
 27228 | Depths:1 | Noticed a lich
 27228 | Depths:1 | Noticed a lich
 27231 | Depths:1 | Killed a lich
 27240 | Depths:1 | Killed a lich
 27245 | Depths:1 | Got the Catalogue of Dislocation and Flight
 27543 | Depths:1 | Learned a level 3 spell: Tukima's Dance
 27547 | Depths:1 | Learned a level 3 spell: Swiftness
 27553 | Depths:1 | Learned a level 5 spell: Silence
 27605 | Depths:2 | Paralysed by a floating eye for 4 turns
 27639 | Depths:2 | Found a blossoming altar of Fedhas.
 27659 | Depths:2 | Noticed Saint Roka
 27664 | Depths:2 | Reached XP level 17. HP: 117/117 MP: 31/31
 27670 | Depths:2 | Killed Saint Roka
 27709 | Depths:2 | Noticed a lich
 27718 | Depths:2 | Killed a lich
 27766 | Depths:2 | Reached skill level 6 in Shields
 27767 | Depths:2 | Identified the ring of Coecein {rF+ Str+6 Dex-3 SInv}
 28001 | Depths:2 | Noticed Mara
 28006 | Depths:2 | Noticed Delamore's illusion
 28378 | D:5      | Bought a glowing rapier for 133 gold pieces
 28784 | Depths:2 | Identified the ring of Fextax {Fly Str+6}
 29048 | Swamp:1  | Entered Level 1 of the Swamp
 29206 | Swamp:1  | Reached skill level 1 in Air Magic
 29222 | Swamp:1  | Noticed Aizul
 29248 | Swamp:1  | HP: 5/119 [something (12)]
 29352 | Swamp:1  | Killed Aizul
 29452 | Swamp:1  | Identified the +1 pair of gloves "Syick" {rPois}
 29452 | Swamp:1  | Noticed Nikola
 29459 | Swamp:1  | Killed Nikola
 29460 | Swamp:1  | Reached skill level 7 in Shields
 29596 | Swamp:1  | Identified the +7 war axe of Sizy {protect, rC+ rN+ Str+3}
 30225 | Swamp:2  | Identified the +8 dagger of Tortured Guile {speed, rN++
                  | Str-5}
 30657 | Swamp:3  | Reached XP level 18. HP: 126/126 MP: 32/32
 30686 | Swamp:3  | Learned a level 5 spell: Yara's Violent Unravelling
 31210 | Swamp:4  | Entered Level 4 of the Swamp
 31234 | Swamp:4  | Reached skill level 8 in Shields
 31479 | Swamp:4  | Reached skill level 5 in Air Magic
 31539 | Swamp:4  | HP: 3/126 [seven-headed hydra (7)]
 31724 | Swamp:4  | Reached skill level 9 in Shields
 32042 | Swamp:4  | Reached skill level 10 in Shields
 32582 | Swamp:4  | Got a decaying rune of Zot
 32914 | Swamp:4  | Identified the +4 battleaxe of Wonderful Gallantry {vorpal,
                  | rF+ rN+ rCorr Dex-4}
 33124 | Elf:1    | Entered Level 1 of the Elven Halls
 33135 | Elf:1    | Reached skill level 11 in Shields
 33218 | Elf:1    | Found Recedits's Armour Shoppe.
 33396 | Elf:1    | Reached skill level 12 in Shields
 33544 | Elf:1    | Found Kyrynil's Antique Weapon Shoppe.
 33552 | Elf:1    | Found Yblifra's Antique Armour Shop.
 33558 | Elf:1    | Paralysed by an air elemental for 1 turns
 33563 | Elf:1    | Paralysed by an air elemental for 1 turns
 33566 | Elf:1    | Noticed Donald
 33586 | Elf:1    | Killed Donald
 33588 | Elf:1    | Noticed Kirke
 33604 | Elf:1    | Killed Kirke
 33652 | Elf:1    | Paralysed by an air elemental for 1 turns
 33660 | Elf:1    | Reached skill level 13 in Shields
 33835 | Elf:1    | Reached XP level 19. HP: 132/132 MP: 33/33
 33943 | Elf:1    | Found Qegeytof's Book Emporium.
 34634 | Elf:1    | Got the Almanac of Arcane Weapons
 34708 | Elf:1    | Bought a wand of iceblast (6) for 124 gold pieces
 34708 | Elf:1    | Bought a scroll of fear for 108 gold pieces
 35565 | Elf:2    | Reached skill level 14 in Shields
 36099 | Elf:2    | Found a huge runed translucent gate.
 36099 | Elf:2    | Found a huge runed translucent gate.
 36099 | Elf:2    | Found a huge runed translucent gate.
 36099 | Elf:2    | Found a huge runed translucent gate.
 36099 | Elf:2    | Found a huge runed translucent gate.
 36194 | Elf:2    | Reached skill level 15 in Shields
 36364 | Elf:2    | Found a bloodstained altar of Trog.
 37454 | Elf:3    | Entered Level 3 of the Elven Halls
 37454 | Elf:3    | Found Hooqedor's Weapon Shoppe.
 37463 | Elf:3    | Paralysed by an air elemental for 1 turns
 37472 | Elf:3    | Paralysed by an air elemental for 1 turns
 37604 | Elf:3    | Found a magical portal.
 37609 | WizLab   | Entered The Hall of the Hellbinder
 37751 | WizLab   | Gained mutation: You are dopey. (Int -2) [a neqoxec]
 38118 | WizLab   | Gained mutation: You are frail. (-10% HP) [a cacodemon]
 38126 | WizLab   | Reached XP level 20. HP: 94/126 MP: 34/34
 38305 | WizLab   | Lost mutation: You are frail. (-10% HP) [potion of
                  | mutation]
 38305 | WizLab   | Lost mutation: You are dopey. (Int -2) [potion of mutation]
 38305 | WizLab   | Gained mutation: You are frail. (-10% HP) [potion of
                  | mutation]
 38305 | WizLab   | Gained mutation: You sometimes lose the ability to read
                  | scrolls when taking damage. [potion of mutation]
 38305 | WizLab   | Gained mutation: You are strong-willed. (Will+) [potion of
                  | mutation]
 38306 | WizLab   | Lost mutation: You are frail. (-10% HP) [potion of
                  | mutation]
 38306 | WizLab   | Lost mutation: You sometimes lose the ability to read
                  | scrolls when taking damage. [potion of mutation]
 38306 | WizLab   | Gained mutation: You have a pair of small antennae on your
                  | head. [potion of mutation]
 38306 | WizLab   | Gained mutation: Your body sometimes deteriorates upon
                  | taking damage. [potion of mutation]
 38306 | WizLab   | Gained mutation: You possess an exceptional clarity of
                  | mind. [potion of mutation]
 38322 | WizLab   | Noticed Huassin
 38404 | WizLab   | Found a burning altar of Makhleb.
 38426 | WizLab   | Killed Huassin the Hellbinder
 38570 | WizLab   | Identified the ring of Fymah {rF+ AC+4 Stlth+}
 38745 | WizLab   | Got the Disquisition on Creation
 38749 | WizLab   | Identified the amulet "Xigirese" {Faith Int+3 Slay+3
                  | Stlth+}
 38877 | Elf:3    | Noticed a Tzitzimitl
 39088 | Elf:3    | Found a runed translucent gate.
 39088 | Elf:3    | Found a runed translucent gate.
 39089 | Elf:3    | Found a runed translucent gate.
 39098 | Elf:3    | Noticed Riddle's ghost (adept VSFi)
 39113 | Elf:3    | Found an iron altar of Okawaru.
 39296 | Elf:3    | Identified the +9 spear of the Imperium {venom, rC- rN+
                  | Will+ rCorr}
 39324 | Elf:3    | Noticed a Brimstone Fiend
 39413 | Elf:3    | Identified the amulet of Impatience {Faith -Tele Int+7}
 39508 | Elf:3    | Identified the +4 mace of the Exiled Stars {pain, rC- Int+3
                  | Dex+6}
 39559 | Elf:3    | Noticed a Tzitzimitl
 39664 | Elf:3    | Identified the +6 dire flail of Skirmishing {antimagic, rF-
                  | Will+ Dex+2}
 40018 | Elf:3    | Identified the +4 battleaxe "Syus" {vorpal, *Corrode rN+++
                  | Str+7 Dex-4}
 40703 | Elf:3    | Killed Riddle's ghost
 41032 | Lair:1   | Bought a wand of mindburst (16) for 196 gold pieces
 41032 | Lair:1   | Bought a wand of paralysis (6) for 98 gold pieces
 41441 | Depths:2 | Reached skill level 10 in Hexes
 41547 | Depths:2 | Noticed Delamore's illusion
 41550 | Depths:2 | Reached XP level 21. HP: 120/148 MP: 36/36
 41574 | Depths:2 | Killed Mara
 41604 | Depths:2 | Found a transporter.
 41633 | Depths:2 | Identified the ring of Buegu {rElec rPois MP+9 Int+6
                  | Slay-6}
 41750 | Depths:2 | Found a transporter.
 41772 | Depths:2 | Found a burning altar of Makhleb.
 41772 | Depths:2 | Noticed a juggernaut
 42328 | Depths:2 | Noticed a caustic shrike
 42350 | Depths:2 | Killed a caustic shrike
 42721 | Depths:2 | Killed a juggernaut
 42916 | Depths:2 | Bought a potion of heal wounds for 80 gold pieces
 42916 | Depths:2 | Bought a potion of heal wounds for 80 gold pieces
 42916 | Depths:2 | Bought a potion of curing for 48 gold pieces
 42971 | Depths:3 | Reached skill level 15 in Stealth
 43157 | Depths:3 | Found a one-way gate leading to the halls of Pandemonium.
 43177 | Depths:3 | Lost mutation: You possess an exceptional clarity of mind.
                  | [a cacodemon]
 43324 | Depths:3 | Noticed a royal mummy
 43342 | Depths:3 | Noticed a royal mummy
 43349 | Depths:3 | Killed a royal mummy
 43410 | Depths:3 | Killed a royal mummy
 43411 | Depths:3 | Reached skill level 15 in Fighting
 43564 | Depths:3 | Noticed a royal mummy
 43603 | Depths:3 | Killed a royal mummy
 43666 | Depths:3 | Found the +7 sceptre of Torment {pain, torment}
 44542 | Depths:4 | Found a flickering gateway to a bazaar.
 44556 | Depths:4 | Noticed Mennas
 44584 | Bazaar   | Entered a bazaar
 44688 | Bazaar   | Found Waukk's Jewellery Shop.
 44696 | Bazaar   | Bought a ring of poison resistance for 140 gold pieces
 44725 | Bazaar   | Found Cibaatwu's Antique Armour Shop.
 44802 | Depths:4 | Killed Mennas
 45107 | Depths:4 | HP: 2/151 [tengu reaver/bolt of poison (35)]
 45764 | D:5      | Bought a scroll of blinking for 120 gold pieces
 45764 | D:5      | Bought a scroll of fear for 56 gold pieces
 45764 | D:5      | Bought a scroll of magic mapping for 56 gold pieces
 45972 | Orc:2    | Bought a scroll of blinking for 127 gold pieces
 45972 | Orc:2    | Bought a scroll of blinking for 127 gold pieces
 45972 | Orc:2    | Bought a scroll of brand weapon for 340 gold pieces
 46159 | Spider:1 | Entered Level 1 of the Spider Nest
 46242 | Spider:1 | Reached XP level 22. HP: 107/157 MP: 39/39
 46933 | Spider:2 | Acquired the +11 rapier of Karma {freeze, rN+}
 48717 | Spider:3 | Noticed Jorgrun
 48731 | Spider:3 | Noticed Arachne
 48737 | Spider:3 | Killed Jorgrun
 48745 | Spider:3 | Killed Arachne
 49712 | Spider:4 | Entered Level 4 of the Spider Nest
 50047 | Spider:4 | Paralysed by a hornet for 2 turns
 50720 | Spider:4 | Got a gossamer rune of Zot
 51293 | Vaults:1 | Entered Level 1 of the Vaults
 51317 | Vaults:1 | Reached XP level 23. HP: 162/162 MP: 41/41
 51389 | Vaults:1 | Gained mutation: You are clumsy. (Dex -2) [you]
 51638 | Vaults:1 | Found a crumbling gateway.
 51645 | Desolati | Entered the Desolation of Salt
 51699 | Desolati | Identified the amulet of Qaela {Harm rN++ Regen+ Str-5
                  | Slay+6}
 51700 | Desolati | Identified the ring "Baggyoja" {Will+ Dex+6}
 51702 | Desolati | Identified the ring of the Kangaroo {rF+ rN+ AC+4}
 52874 | Desolati | Identified the +11 double sword of Zin's Pride {flame, rF+
                  | Int+3}
 52876 | Desolati | Got Sif Muna's Collected Works on Noxious Ice
 53048 | Desolati | Identified the +4 scimitar of Agony {holy, rF+ Str+2}
 53650 | Vaults:1 | Reached skill level 15 in Hexes
 54874 | Vaults:2 | Found Tauttorra's Antique Armour Shop.
 54947 | Vaults:2 | Reached skill level 15 in Throwing
 55157 | Vaults:2 | Gained mutation: You sometimes lose the ability to read
                  | scrolls when taking damage. [you]
 55539 | Vaults:2 | Reached XP level 24. HP: 169/169 MP: 41/41
 56537 | Vaults:3 | Found a staircase to the Crypt.
 56540 | Vaults:3 | Reached skill level 15 in Dodging
 56564 | Vaults:3 | Noticed Jory
 56592 | Vaults:3 | Killed Jory
 56593 | Vaults:3 | Reached skill level 1 in Transmutations
 57540 | Vaults:3 | Found Nieriush's Weapon Shop.
 58599 | Vaults:4 | Reached skill level 16 in Shields
 59120 | Vaults:4 | Reached skill level 5 in Transmutations
 59137 | Vaults:4 | Acquired the +0 hat of the Lich-sworn {Fly rPois rC++
                  | rCorr}
 59165 | Vaults:4 | Found Hukipsaw's General Store.
 59271 | Vaults:4 | Bought a potion of curing for 39 gold pieces
 59323 | Vaults:4 | Reached XP level 25. HP: 176/176 MP: 37/41
 59561 | Vaults:4 | Identified the ring of Calesud {rC+ Int+4}
 59804 | Vaults:2 | Lost mutation: You are clumsy. (Dex -2) [potion of
                  | mutation]
 59804 | Vaults:2 | Lost mutation: You sometimes lose the ability to read
                  | scrolls when taking damage. [potion of mutation]
 59804 | Vaults:2 | Gained mutation: You are partially covered in large bone
                  | plates. (SH +4) [potion of mutation]
 59804 | Vaults:2 | Gained mutation: One of your tentacles bears a spike.
                  | [potion of mutation]
 59804 | Vaults:2 | Gained mutation: Your system is resistant to poisons.
                  | (rPois) [potion of mutation]
 60401 | Vaults:4 | Reached skill level 17 in Shields
 60548 | Vaults:5 | Entered Level 5 of the Vaults
 60672 | Vaults:5 | Noticed an ancient lich
 60672 | Vaults:5 | Noticed a dread lich
 60683 | Vaults:5 | Noticed an ancient lich
 60700 | Vaults:5 | Killed an ancient lich
 60829 | Vaults:5 | Noticed an ancient lich
 60911 | Vaults:5 | Identified the ring of the Salamander {*Corrode Fly rF+
                  | Str+3}
 61037 | Vaults:5 | Reached skill level 18 in Shields
 61081 | Vaults:5 | Found Wilol's Assorted Antiques.
 61123 | Vaults:5 | Killed an ancient lich
 61316 | Vaults:5 | Found Ewirgh's Armour Shoppe.
 62478 | Vaults:5 | Got Buetyfan's Volume of Confrontation
 62480 | Vaults:5 | Got a silver rune of Zot
 62482 | Vaults:5 | Identified the +3 scale mail "Forget-Me-Not" {rF+ Str+4
                  | Slay+5}
 62606 | Vaults:5 | Identified the ring "Rizixiunu" {rN+ Will+}
 62773 | Vaults:5 | Bought a vibrating ruby amulet for 140 gold pieces
 62773 | Vaults:5 | Identified the amulet "Libb" {Reflect Dex+3 SH+5} (You
                  | bought it in a shop on level 5 of the Vaults)
 62773 | Vaults:5 | Bought a potion of curing for 84 gold pieces
 62773 | Vaults:5 | Bought a scroll of acquirement for 1456 gold pieces
 62773 | Vaults:5 | Acquired a +3 quick blade
 63283 | Depths:4 | Reached XP level 26. HP: 47/186 MP: 39/41
 63474 | Depths:4 | Noticed Louise
 63483 | Depths:4 | Killed Louise
 63712 | Depths:4 | Reached skill level 19 in Shields
 64577 | Depths:4 | Learned a level 3 spell: Lesser Beckoning
 64584 | Depths:4 | Learned a level 6 spell: Invisibility
 64648 | Depths:5 | Entered Level 5 of the Depths
 64940 | Depths:5 | Reached skill level 1 in Translocations
 65778 | Depths:5 | Found a gate to the Realm of Zot.
 66303 | Depths:5 | Reached skill level 5 in Translocations
 66315 | Depths:5 | Reached XP level 27. HP: 82/195 MP: 25/41
 66562 | Depths:5 | Found a hide-covered altar of Uskayaw.
 66969 | Depths:5 | Got the Guide on Bewitching Sinister Rites
 67304 | Depths:5 | Identified the +7 great sword of Gallantry {vorpal, rN++
                  | Will+}
 67402 | Zot:1    | Entered Level 1 of the Realm of Zot
 67422 | Zot:1    | Learned a level 2 spell: Passwall
 67428 | Zot:1    | Learned a level 5 spell: Alistair's Intoxication
 67546 | Zot:1    | Reached skill level 20 in Shields
 67548 | Zot:1    | Reached skill level 1 in Poison Magic
 67569 | Zot:1    | Reached skill level 1 in Unarmed Combat
 67914 | Zot:1    | Acquired Eqoan's Volume of Ensnaring Transformation
 67925 | Zot:1    | Learned a level 8 spell: Discord
 68413 | Zot:1    | Identified the +1 scale mail of Calculation {Int+6}
 69380 | Zot:2    | Reached skill level 5 in Poison Magic
 69606 | Zot:2    | Reached skill level 5 in Unarmed Combat
 70805 | Zot:3    | Acquired 792 gold pieces
 72877 | Zot:5    | Entered Level 5 of the Realm of Zot
 73624 | Zot:5    | Noticed an orb of fire
 73650 | Zot:5    | Gained mutation: You are weak. (Str -2) [an orb of fire]
 73654 | Zot:5    | Gained mutation: You are frail. (-10% HP) [an orb of fire]
 73662 | Zot:5    | Gained mutation: You are dopey. (Int -2) [an orb of fire]
 73677 | Zot:5    | Killed an orb of fire
 73678 | Zot:5    | Reached skill level 10 in Transmutations
 73870 | Depths:2 | Bought 2 potions of mutation for 256 gold pieces
 73870 | Depths:2 | Bought a potion of might for 64 gold pieces
 73870 | Depths:2 | Lost mutation: You are frail. (-10% HP) [potion of
                  | mutation]
 73870 | Depths:2 | Lost mutation: Your body sometimes deteriorates upon taking
                  | damage. [potion of mutation]
 74145 | Zot:5    | Noticed an orb of fire
 74158 | Zot:5    | Noticed an orb of fire
 74185 | Zot:5    | Noticed an orb of fire
 74233 | Zot:5    | Noticed an orb of fire
 74267 | Zot:5    | Noticed a dread lich
 74275 | Zot:5    | Noticed an orb of fire
 74290 | Zot:5    | Gained mutation: Your magical capacity is low. (-10% MP)
                  | [an orb of fire]
 74300 | Zot:5    | Killed an orb of fire
 74306 | Zot:5    | Killed a dread lich
 74333 | Zot:5    | Noticed an orb of fire
 74350 | Zot:5    | Killed an orb of fire
 74351 | Zot:5    | Noticed an ancient lich
 74359 | Zot:5    | Noticed a dread lich
 74369 | Zot:5    | Killed an ancient lich
 74378 | Zot:5    | Reached skill level 21 in Shields
 74401 | Zot:5    | Killed a dread lich
 75481 | Lair:1   | Bought a scroll of enchant weapon for 367 gold pieces
 75571 | Lair:6   | Bought a scroll of fog for 30 gold pieces
 75571 | Lair:6   | Bought a scroll of teleportation for 45 gold pieces
 75571 | Lair:6   | Bought a scroll of immolation for 52 gold pieces
 75970 | Elf:3    | Identified the +4 dagger of Okawaru's Regard {protect,
                  | rElec rF+ Will++ Int+2 Dex-4}
 76472 | Crypt:1  | Entered Level 1 of the Crypt
 76588 | Crypt:1  | Noticed Khufu
 76605 | Crypt:1  | Killed Khufu
 76622 | Crypt:1  | Noticed a royal mummy
 76622 | Crypt:1  | Noticed a royal mummy
 76646 | Crypt:1  | Killed a royal mummy
 76650 | Crypt:1  | HP: 8/201 [death scarab[Khufu] (8)]
 77047 | Crypt:1  | Killed a royal mummy
 77295 | Crypt:1  | Gained mutation: You sometimes lose the ability to read
                  | scrolls when taking damage. [you]
 78126 | Crypt:1  | Identified the amulet of Ruziph {Spirit +Blink +Inv rElec
                  | Dex-5}
 78129 | Crypt:1  | Got the Reference Book on Transformation
 78145 | Crypt:1  | Lost mutation: You are strong-willed. (Will+) [potion of
                  | mutation]
 78145 | Crypt:1  | Lost mutation: Your magical capacity is low. (-10% MP)
                  | [potion of mutation]
 78145 | Crypt:1  | Lost mutation: You are dopey. (Int -2) [potion of mutation]
 78145 | Crypt:1  | Lost mutation: You have a pair of small antennae on your
                  | head. [potion of mutation]
 78145 | Crypt:1  | Gained mutation: You occasionally shout uncontrollably at
                  | your foes. [potion of mutation]
 79326 | Crypt:3  | Entered Level 3 of the Crypt
 79454 | Crypt:3  | Found a basalt altar of Yredelemnul.
 79495 | Crypt:3  | Reached skill level 22 in Shields
 79901 | Crypt:3  | Found a staircase to the Tomb.
 81549 | Depths:2 | Voluntarily entered the Abyss.
 81576 | Abyss:1  | Found an ornate altar of the Wu Jian Council.
 81585 | Abyss:1  | Found an ornate altar of the Wu Jian Council.
 81756 | Abyss:1  | Learned a level 4 spell: Hailstorm
 82042 | Abyss:1  | Reached skill level 1 in Ice Magic
 82399 | Abyss:1  | Gained mutation: You do not regenerate when monsters are
                  | visible. [a neqoxec]
 82998 | Abyss:1  | Gained mutation: Potions are less effective at restoring
                  | your health. [a shining eye]
 83241 | Abyss:1  | Paralysed by accursed screaming for 1 turns
 83860 | Abyss:1  | Found a viscous altar of Jiyva.
 83861 | Abyss:1  | Found a corrupted altar of Lugonu.
 83997 | Abyss:3  | Reached skill level 5 in Ice Magic
 84117 | Abyss:3  | Found a hide-covered altar of Uskayaw.
 84131 | Abyss:3  | Found a hide-covered altar of Uskayaw.
 84349 | Abyss:3  | Reached skill level 23 in Shields
 84439 | Abyss:3  | Paralysed by accursed screaming for 1 turns
 84508 | Abyss:3  | Gained mutation: Your magical capacity is low. (-10% MP) [a
                  | cacodemon]
 84970 | Abyss:3  | Paralysed by accursed screaming for 1 turns
 84976 | Abyss:3  | Paralysed by accursed screaming for 1 turns
 85102 | Depths:2 | Escaped the Abyss
 85105 | Depths:2 | Bought a potion of curing for 39 gold pieces
 85105 | Depths:2 | Bought a potion of mutation for 104 gold pieces
 85105 | Depths:2 | Bought a potion of might for 52 gold pieces
 85105 | Depths:2 | Bought a potion of haste for 130 gold pieces
 85105 | Depths:2 | Bought a potion of heal wounds for 65 gold pieces
 85105 | Depths:2 | Bought a potion of mutation for 104 gold pieces
 85105 | Depths:2 | Lost mutation: Your magical capacity is low. (-10% MP)
                  | [potion of mutation]
 85105 | Depths:2 | Lost mutation: You occasionally shout uncontrollably at
                  | your foes. [potion of mutation]
 85105 | Depths:2 | Lost mutation: One of your tentacles bears a spike. [potion
                  | of mutation]
 85105 | Depths:2 | Gained mutation: Your spells are a little harder to cast,
                  | but a little more powerful. [potion of mutation]
 85105 | Depths:2 | Lost mutation: You do not regenerate when monsters are
                  | visible. [potion of mutation]
 85170 | Depths:2 | Voluntarily entered the Abyss.
 85270 | Abyss:3  | Identified the +1 robe "Welaq" {rPois}
 85283 | Abyss:3  | Found a hazy altar of Hepliaklqana.
 85346 | Abyss:3  | Found a hazy altar of Hepliaklqana.
 85534 | Abyss:3  | Paralysed by accursed screaming for 1 turns
 85692 | Abyss:3  | Gained mutation: Your body sometimes deteriorates upon
                  | taking damage. [mutagenic glow]
 85747 | Depths:2 | Escaped the Abyss
 85785 | Depths:2 | Lost mutation: Your spells are a little harder to cast, but
                  | a little more powerful. [mutagenic glow]
 85793 | Depths:2 | Voluntarily entered the Abyss.
 86086 | Abyss:1  | Noticed a juggernaut
 86089 | Abyss:1  | Killed a juggernaut
 86297 | Depths:2 | Escaped the Abyss
 86304 | Depths:2 | Voluntarily entered the Abyss.
 86467 | Abyss:2  | Reached skill level 1 in Conjurations
 86600 | Abyss:2  | Gained mutation: You are dopey. (Int -2) [a cacodemon]
 86819 | Abyss:3  | Paralysed by accursed screaming for 1 turns
 86954 | Abyss:3  | Found a hazy altar of Hepliaklqana.
 87613 | Abyss:4  | Got an abyssal rune of Zot
 87616 | Abyss:4  | Noticed a dread lich
 87645 | Abyss:4  | Killed a dread lich
 87653 | Depths:2 | Escaped the Abyss
 87691 | Depths:2 | Lost mutation: You are weak. (Str -2) [potion of mutation]
 87691 | Depths:2 | Lost mutation: You are dopey. (Int -2) [potion of mutation]
 87691 | Depths:2 | Lost mutation: You sometimes lose the ability to read
                  | scrolls when taking damage. [potion of mutation]
 87691 | Depths:2 | Gained mutation: Your muscles are strong. (Str +2) [potion
                  | of mutation]
 87704 | Hell     | Entered the Vestibule of Hell
 87704 | Hell     | Noticed Geryon
 88109 | Depths:2 | Reached skill level 5 in Conjurations
 88320 | Hell     | Noticed a dread lich
 88395 | Depths:2 | Killed a dread lich
 88686 | Hell     | Killed Geryon
 88845 | Hell     | Found a gateway to the ashen valley of Gehenna.
 88920 | Hell     | Found a gateway to the decaying netherworld of Tartarus.
 89079 | Hell     | Found a gateway to the freezing wastes of Cocytus.
 89211 | Hell     | Found a gateway to the Iron City of Dis.
 89372 | Dis:1    | Entered Level 1 of the Iron City of Dis
 89458 | Dis:1    | You are sucked into a shaft and drop 1 floor!
 90426 | Dis:3    | Reached skill level 24 in Shields
 91314 | Dis:6    | You are sucked into a shaft and drop 1 floor!
 91314 | Dis:7    | Entered Level 7 of the Iron City of Dis
 91404 | Dis:7    | Reached skill level 10 in Air Magic
 92832 | Dis:7    | Identified the +1 dagger of Dullness {elec, Fly}
 92957 | Dis:7    | Found the brooch of Shielding {Spirit SH+8}
 92966 | Dis:7    | Found the ring of Shadows {Umbra +Inv Stlth+}
 93271 | Dis:7    | Reached skill level 10 in Conjurations
 93770 | Dis:7    | Found the +4 staff of Dispater
 93770 | Dis:7    | Noticed Dispater
 93895 | Dis:7    | Killed from afar by an iron dragon

Illustrated notes

Levels and vault maps discovered:
D:1:      roderic_dead_forest, layout_basic
D:2:      layout_basic, serial_shops, shop_fountains
D:3:      layout_basic, ebering_ecumenical_altar_abandoned, kennysheep_donut
D:4:      layout_basic, chequers_temple_overflow_statue_of_worship,
          mainiacjoe_overflow_cross_hatched, gup_sewer_entry_spiral
D:5:      layout_loops_ring, nemelex_dance_club_becter, serial_shops,
          kennysheep_mini_moat, uniq_edmund
D:6:      layout_gridville, temple_fountains, grunt_ministairs_11,
          mrwooster_statue_mirror, nrook_campfire, minmay_door_square,
          kennysheep_pointless_box, uniq_grinder, uniq_menkaure
D:7:      layout_rooms, cheibrodos_worm_habitat, jmf_multi_god_temple,
          kennysheep_small_square, uniq_joseph
D:8:      layout_basic, lair_entry_dummy, uniq_maurice, uniq_grum
D:9:      layout_stronghold, lemuel_round_altar, uniq_pikel
D:10:     layout_basic, nicolae_dithmenos_the_darkroom, chequers_mini_garden
D:11:     layout_cave_pools, yredelemnul_forgotten_temple_becter,
          uniq_josephine, uniq_nergalle
D:12:     minmay_the_grid_triangle_9x9_rhombus_full_mashed
          [minmay_the_grid_triangle_9x9_warning,
          minmay_the_grid_triangle_9x9_sparse_checkered,
          minmay_the_grid_triangle_9x9_longest,
          minmay_the_grid_triangle_9x9_cache,
          minmay_the_grid_triangle_9x9_tough_junction,
          minmay_the_grid_triangle_9x9_zippers_horizontal,
          minmay_the_grid_triangle_9x9_wacky_v,
          minmay_the_grid_triangle_9x9_prize_schism], layout_basic, uniq_frances
D:13:     layout_long_grid, special_room [special_room_orc], nrook_pool_corridor
D:14:     layout_roguey, erik_vaults_1, ebering_ghost_inner_flame
D:15:     grunt_enter_depths_snipers, layout_rooms, feat_on_display
Temple:   minmay_temple_forest_path
Lair:1:   layout_cave_pods, special_room [special_room_bee],
          infiniplex_staircase_pool, uniq_maggie
Lair:2:   layout_roguey, swamp_mist, spider_nest_entry_webs, basic_altar,
          serial_bayou_shore_a
Lair:3:   gammafunk_indiana_jones, layout_gridlike,
          nicolae_quartered_pool_medium
Lair:4:   layout_hall_layers, serial_bayou_crossing, uniq_sonja
Lair:5:   layout_cave_shapes, slime_altar_2, kennysheep_rathole, uniq_nessos
Lair:6:   hellmonk_lair_end_abyssal_woods, layout_cave_shapes,
          gauntlet_entry_generic, minmay_lair_oklob_bushes, columned_hall_lemuel
Swamp:1:  layout_basic_swamp, hangedman_swamp_blocks, uniq_nikola, uniq_aizul
Swamp:2:  layout_basic_swamp, evilmike_swamp_ruin_house_1
Swamp:3:  layout_basic_swamp, evilmike_swamp_ruin_house_3
Swamp:4:  swamp_basic_johnstein, layout_basic_swamp
Spider:1: layout_spider_delve
Spider:2: layout_spider_delve
Spider:3: layout_chambers, uniq_jorgrun, uniq_arachne
Spider:4: grunt_spider_rune_parallel
Orc:1:    layout_diamond_mine
Orc:2:    st_orc_elflike, layout_caves, portal_ice_cave_entry_animals_and_master
Elf:1:    nicolae_elf_arrival_fired_up, layout_gridlike, serial_shops,
          nicolae_diamond_shop, nicolae_shop_stone, nicolae_shop_behind_doors,
          nicolae_shop_trees, minmay_elf_sorcery, uniq_kirke, uniq_donald
Elf:2:    elven_hall_of_blades_hangedman_alternative [nicolae_blade_bullseye],
          layout_loops_cross, palyth_stone_intersect,
          evilmike_spriggan_trog_shrine
Elf:3:    grunt_elf_hall_branching, layout_gridlike, mu_enter_wizlab_4,
          serial_shops, shop, gammafunk_ghost_fury_of_okawaru,
          corexii_hall_statues_i
Vaults:1: vaults_room_hallway, nicolae_vaults_mini_display_case, v_misc_30,
          grunt_vaults_hallway_long, v_rooms_3, v_misc_15,
          dpeg_vaults_monster_box, vaults_room_fours, layout_vaults_omnigrid,
          portal_desolation_entry_ruin
Vaults:2: vaults_room_pool, nicolae_vaults_angled_halls, st_spiral_rooms,
          v_alt_pattern_6, serial_ice_b, nicolae_vaults_windows_and_doors_thing,
          vaults_room_mumra_shop_pool, v_misc_25, vaults_standard_mumra_x,
          ontoclasm_vaults_twist, layout_vaults_omnicross
Vaults:3: hangedman_vaults_capsules, ontoclasm_vaults_tryst,
          minmay_crypt_entry_simple_statues, hangedman_vaults_pinch,
          vaults_room_pool, v_misc_27, vaults_room_large_hall,
          vaults_room_hallway, vaults_dpeg_diagonal, v_misc_11,
          nicolae_vaults_network_periphery, layout_vaults_ring, serial_shops,
          nicolae_lakefront_shop, uniq_jory
Vaults:4: v_misc_1, ontoclasm_vaults_pinch, vaults_room_pool,
          nicolae_vaults_little_squares_6, st_squares, v_misc_4, v_misc_3,
          v_rooms_4, nicolae_vaults_little_ls, v_rooms_6, v_misc_2,
          layout_vaults_omnibox, serial_shops, nicolae_shop_crystal
Vaults:5
Crypt:1:  layout_chaotic_city, minmay_misc_feat_alley, lemuel_freeze_loot_1,
          uniq_khufu
Crypt:2:  layout_gridlike
Crypt:3:  grunt_crypt_end_deaths_head
Depths:1: cheibrodos_lost_city_excavation, layout_basic, enter_ziggurat_a,
          hell_entry, kennysheep_generic_room_14
Depths:2: hangedman_spin_cycle, abyss_entry, hell_entry, uniq_mara
Depths:3: minmay_guarded_unrand_sceptre_of_torment, layout_gridville,
          rand_demon_pan_entry_9, dk_noncrumbling_4, hell_entry,
          infiniplex_staircase_zigzag_5
Depths:4: minmay_stepped, layout_gridlike, hell_entry, minmay_crystal_water,
          serial_shops, bzr_entry_water, nicolae_abyss_entry_one_way_or_another,
          minmay_shattered_shrine, infiniplex_staircase_pool_2, uniq_mennas,
          uniq_margery
Depths:5: lemuel_castle_with_subvaults [lemuel_castle_interior_carwin_3],
          layout_twisted_cross, hell_entry, nicolae_uskayaw_dance_hall,
          drop_trap, chequers_serial_rivers_small_a
Hell
Dis:1:    layout_regular_city
Dis:2:    layout_jigsaw
Dis:3:    layout_gridville
Dis:4:    hangedman_dis_monolith, layout_chaotic_city
Dis:5:    layout_overlapping_boxes, grunt_megastairs_5
Dis:6:    layout_chaotic_city, grunt_dis_stairs_iron_hall
Dis:7:    iron_city_of_dis [dis_mu, dis_wall_7], layout_chaotic_city,
          nicolae_dis_strange_trophy_room
Zot:1:    layout_cathedral_of_symmetry, grunt_megastairs_4
Zot:2:    layout_onion, guppyfry_library_mini, grunt_megastairs_3
Zot:3:    layout_cellular_growth, grunt_megastairs_1
Zot:4:    layout_gridlike
Zot:5:    layout_basic, hangedman_zot_decor_unnerving_road

Skill      XL: |  1  2  3  4  5  6  7  8  9 10 11 12 13 14 15 16 17 18 19 20 21 22 23 24 25 26 27 |
---------------+----------------------------------------------------------------------------------+-----
Short Blades   | 3 5 6 8 11 12 13 14 15 16 | 16.0
Stealth        | 6 10 11 14 15 16 18 20 21 | 21.6
Throwing       | 3 4 5 6 7 9 10 11 12 13 15 20 | 20.0
Evocations     | 2 4 5 7 9 10 11 12 | 12.1
Dodging        | 5 6 9 10 11 14 15 16 17 20 | 20.0
Fighting       | 5 7 9 10 11 12 13 14 15 16 17 20 | 20.0
Shields        | 2 5 7 13 15 16 18 19 24 | 24.7
Hexes          | 3 5 6 8 10 12 14 15 20 | 20.0
Spellcasting   | 3 8 10 11 13 14 | 14.0
Air Magic      | 3 5 11 | 11.7
Transmutations | 5 10 | 10.0
Translocations | 5 |  5.0
Poison Magic   | 5 |  5.0
Unarmed Combat | 5 |  5.0
Ice Magic      | 7 |  7.6
Conjurations   | 10 | 10.0

Action                   |  1- 3 |  4- 6 |  7- 9 | 10-12 | 13-15 | 16-18 | 19-21 | 22-24 | 25-27 || total
-------------------------+-------+-------+-------+-------+-------+-------+-------+-------+-------++-------
Melee: Dagger            |    39 |    77 |    61 |       |       |       |       |       |       ||   177
       Constrict         |     7 |    17 |    35 |    67 |    97 |    87 |   166 |   249 |   584 ||  1309
       Tentacles         |     7 |    17 |    59 |   136 |   382 |   349 |   525 |   838 |  3328 ||  5641
       Short sword       |       |       |   139 |   414 |   890 |   321 |       |       |       ||  1764
       Rapier            |       |       |       |       |       |   433 |  1073 |  1825 |  6575 ||  9906
       Kick              |       |       |       |       |       |       |       |       |  3028 ||  3028
       Punch             |       |       |       |       |       |       |       |       |   512 ||   512
       Unarmed           |       |       |       |       |       |       |       |       |   112 ||   112
       Quick blade       |       |       |       |       |       |       |       |       |    49 ||    49
Throw: Stone             |     3 |    77 |    50 |    33 |   176 |       |       |       |       ||   339
       Dart              |       |       |    19 |    92 |    33 |     5 |    10 |       |     1 ||   160
       Javelin           |       |       |     5 |    12 |    44 |    19 |    48 |       |    41 ||   169
       Boomerang         |       |       |       |       |   145 |   161 |   114 |   203 |   254 ||   877
       Throwing net      |       |       |       |       |       |       |       |       |     1 ||     1
 Cast: Dazzling Flash    |       |       |       |       |     1 |       |       |    53 |    99 ||   153
       Silence           |       |       |       |       |       |     2 |     2 |     1 |     8 ||    13
       Tukima's Dance    |       |       |       |       |       |       |    30 |     3 |    98 ||   131
       Yara's Violent Un |       |       |       |       |       |       |     4 |     9 |     6 ||    19
       Swiftness         |       |       |       |       |       |       |       |       |     2 ||     2
       Invisibility      |       |       |       |       |       |       |       |       |    29 ||    29
       Discord           |       |       |       |       |       |       |       |       |    20 ||    20
       Hailstorm         |       |       |       |       |       |       |       |       |     9 ||     9
       Lesser Beckoning  |       |       |       |       |       |       |       |       |     3 ||     3
Invok: Call Merchant     |       |       |     1 |       |     2 |     2 |     3 |       |     5 ||    13
       Potion Petition   |       |       |       |       |       |       |     2 |       |    13 ||    15
       Bribe Branch      |       |       |       |       |       |       |       |       |     2 ||     2
 Abil: Evoke Blink       |       |       |       |     1 |     1 |     1 |    15 |     5 |     3 ||    26
Evoke: Wand              |       |     4 |       |    13 |     5 |     6 |       |       |     4 ||    32
       Condenser vane    |       |       |       |       |     4 |     2 |     5 |     1 |     8 ||    20
       Tin of tremorston |       |       |       |       |     2 |     4 |     9 |     2 |     5 ||    22
       Lightning rod     |       |       |       |       |     2 |     3 |     2 |       |       ||     7
       Box of beasts     |       |       |       |       |       |     1 |     1 |     1 |     3 ||     6
       Phantom mirror    |       |       |       |       |       |       |     3 |       |     2 ||     5
  Use: Scroll            |     6 |     1 |     6 |     6 |    12 |    21 |    11 |     4 |    24 ||    91
       Potion            |       |     1 |     1 |       |     2 |    11 |    14 |     4 |    13 ||    46
 Stab: Sleeping          |    12 |     5 |    25 |     8 |    20 |    61 |    36 |    51 |   129 ||   347
       Distracted        |       |       |     2 |     6 |    15 |    22 |    22 |    41 |   197 ||   305
       Paralysed         |       |       |       |     2 |     1 |     1 |       |       |     5 ||     9
       Invisible         |       |       |       |       |       |       |     1 |    59 |   186 ||   246
       Held in net/web   |       |       |       |       |       |       |       |     1 |       ||     1
       Petrifying        |       |       |       |       |       |       |       |       |     1 ||     1
       Confused          |       |       |       |       |       |       |       |       |     3 ||     3
Armor: Skin              |     3 |     1 |    33 |    25 |    59 |    50 |    31 |    51 |   162 ||   415
Dodge: Dodged            |    10 |    35 |    91 |   167 |   414 |   392 |   332 |   795 |  2708 ||  4944
Block: Buckler           |       |       |       |    14 |   247 |   245 |     6 |       |       ||   512
       Kite shield       |       |       |       |       |       |       |   536 |  1216 |  1767 ||  3519
       Tower shield      |       |       |       |       |       |       |       |       |  4293 ||  4293
